 Dungeon Crawl Stone Soup version 0.28-a0-653-g7e9dba17c3 (webtiles) character file.

Game seed: 6955949948107801311

766 Gargoyl the Skirmisher (level 7, -9/60 HPs)
             Began as a Gnoll Abyssal Knight on Oct 12, 2021.
             Was a Priest of Lugonu.
             Mangled by an ogre (11 damage)
             ... in the Ecumenical Temple.
             The game lasted 00:07:50 (4318 turns).

Gargoyl the Skirmisher (Gnoll Abyssal Knight)       Turns: 4318, Time: 00:07:51

Health: -9/60      AC: 13    Str: 14    XL:     7   Next: 82%
Magic:  11/11      EV:  7    Int: 10    God:    Lugonu [***...]
Gold:   93         SH:  0    Dex: 12    Spells: 11/11 levels left

rFire   . . .      SeeInvis .   a - +2 hand axe
rCold   . . .      Faith    .   (no shield)
rNeg    . . .      Spirit   .   d - +0 chain mail
rPois   .          Reflect  .   (no helmet)
rElec   .          Harm     .   l - +0 cloak
rCorr   .          Rampage  .   (no gloves)
Will    .....                   c - +1 pair of boots
Stlth   ..........              (no amulet)
HPRegen 0.20/turn               (no ring)
MPRegen 0.12/turn               (no ring)

@: flying
A: fangs 1, strong nose, distributed training
a: Renounce Religion, Depart the Abyss, Bend Space, Banish


You were in the Ecumenical Temple.
You worshipped Lugonu.
Lugonu was most pleased with you.
You visited 2 branches of the dungeon, and saw 5 of its levels.
You visited the Abyss 1 time.
You also visited: Ossuary.

You collected 93 gold pieces.

Inventory:

Hand Weapons
 a - a +2 hand axe (weapon)
Missiles
 j - 2 curare-tipped darts (quivered)
 k - a throwing net
Armour
 c - a +1 pair of boots (worn)
 d - a +0 chain mail (worn)
 l - a +0 cloak (worn)
Wands
 m - a wand of digging (7)
Scrolls
 e - 8 scrolls of noise
 i - 2 scrolls of teleportation {unknown}
 r - 2 scrolls of fog {unknown}
 s - a scroll of blinking {unknown}
Potions
 b - 2 potions of cancellation {unknown}
 f - 2 potions of might {unknown}
 h - 2 potions of brilliance {unknown}
 n - a potion of attraction {unknown}
 o - a potion of flight
 p - a potion of invisibility {unknown}
 q - a potion of berserk rage {unknown}


   Skills:
 + Level 7.1 Fighting
 + Level 2.7 Short Blades
 + Level 2.7 Long Blades
 + Level 5.3 Axes
 + Level 2.7 Maces & Flails
 + Level 2.7 Polearms
 + Level 2.7 Staves
 + Level 2.7 Slings
 + Level 2.7 Bows
 + Level 2.7 Crossbows
 + Level 2.7 Throwing
 + Level 5.3 Armour
 + Level 3.8 Dodging
 + Level 2.7 Stealth
 + Level 2.7 Shields
 + Level 2.7 Unarmed Combat
 + Level 2.7 Spellcasting
 + Level 2.2 Conjurations
 + Level 2.2 Hexes
 + Level 2.2 Summonings
 + Level 2.2 Necromancy
 + Level 2.2 Translocations
 + Level 2.2 Transmutations
 + Level 2.2 Fire Magic
 + Level 2.2 Ice Magic
 + Level 2.2 Air Magic
 + Level 2.2 Earth Magic
 + Level 2.2 Poison Magic
 + Level 5.5 Invocations
 + Level 2.7 Evocations


You had 11 spell levels left.
You didn't know any spells.
Your spell library contained the following spells:

 Spells                   Type           Power      Damage    Failure   Level
 Static Discharge         Conj/Air       5%         N/A       98%         2
 Sublimation of Blood     Necr           2%         N/A       98%         2
 Dispel Undead            Necr           5%         3d7       100%        4
 Petrify                  Tmut/Erth      5%         N/A       100%        4
 Sticky Flame             Conj/Fire      5%         2d3       100%        4
 Irradiate                Conj/Tmut      2%         3d14      100%        5


Dungeon Overview and Level Annotations

Branches:
Dungeon (4/15)             Temple (1/1) D:4         Ossuary (visited)

Altars:
Ashenzari
Elyvilon
Fedhas
Hepliaklqana
Makhleb
Qazlal
Ru
Zin
Lugonu


Innate Abilities, Weirdness & Mutations

You have very sharp teeth.
Your uncanny sense of smell can sniff out nearby items.
Your experience applies equally to all skills.


Message History

The ogre hits you with a +0 giant spiked club!!
The gnoll hits you with a +0 club.
You hit the ogre.
The ogre is moderately wounded.
You hit the gnoll but do no damage.
The ogre hits you with a +0 giant spiked club!
The gnoll hits you but does no damage.
Unknown command.
You barely miss the ogre.
The ogre is moderately wounded.
You barely miss the gnoll. The gnoll hits you but does no damage.
The ogre hits you with a +0 giant spiked club!
* * * LOW HITPOINT WARNING * * *
Unknown command.
Space bends around you!
You blink.
The gnoll barely misses you.
You are confused.
You feel invigorated. The gnoll hits you with a +0 club.
* * * LOW HITPOINT WARNING * * *
The gnoll barely misses you.
You closely miss the gnoll. You hit the ogre but do no damage.
The gnoll closely misses you. The ogre closely misses you.
Unknown command.
You hit the gnoll. You bite the gnoll, but do no damage.
The gnoll is lightly wounded.
You hit the ogre.
You feel less invigorated.
You feel less confused. The gnoll barely misses you.
The ogre hits you with a +0 giant spiked club!!
* * * LOW HITPOINT WARNING * * *
You slash the ogre!
The ogre is severely wounded.
You hit the gnoll. The gnoll hits you but does no damage.
The ogre hits you with a +0 giant spiked club!
* * * LOW HITPOINT WARNING * * *
Unknown command.
It was a potion of flight.
You feel very buoyant.
You fly up into the air.
The gnoll hits you but does no damage.
The ogre hits you with a +0 giant spiked club!
You die...

##### #.<.# #)..#
#...# #.≈.# #.O@#
#.g.# #### #...#
#####
#._.###...###._.##
##.§..............#
#_.⌠._...≈..._.⌠._#
#.≈≈..............#
##._.###...###._≈##
#### #...# #####


You could see an ogre and a gnoll.

Vanquished Creatures
  A vampire (Abyss:1)
  Purgy (D:2)
  2 centaur zombies (Ossuary)
  A hound (D:4)
  An orc priest (D:3)
  2 human zombies (Ossuary)
  Jessica (D:2)
  An orc wizard (D:3)
  4 mummies (Ossuary)
  6 gnolls
  5 adders
  A worm (D:2)
  A dart slug (D:1)
  16 orcs
  4 bats
  7 endoplasms
  3 giant cockroaches
  3 gnoll zombies (Ossuary)
  10 goblins
  10 hobgoblins
  6 jackals
  8 kobolds
  4 quokkas
  4 ball pythons
  3 frilled lizards
  An orc zombie (Ossuary)
  9 rats
115 creatures vanquished.

Vanquished Creatures (others)
  2 demonic plants (Temple)
2 creatures vanquished.

Grand Total: 117 creatures vanquished

Notes
Turn   | Place    | Note
-------+----------+-------------------------------------------
     0 | Abyss:1  | Gargoyl the Gnoll Abyssal Knight began the quest for the
                  | Orb.
     0 | Abyss:1  | Reached XP level 1. HP: 23/23 MP: 3/3
    65 | Abyss:1  | Noticed a vampire
    65 | Abyss:1  | Killed a vampire
    66 | Abyss:1  | Reached skill level 1 in Short Blades
    66 | Abyss:1  | Reached skill level 1 in Long Blades
    66 | Abyss:1  | Reached skill level 1 in Maces & Flails
    66 | Abyss:1  | Reached skill level 1 in Polearms
    66 | Abyss:1  | Reached skill level 1 in Staves
    66 | Abyss:1  | Reached skill level 1 in Slings
    66 | Abyss:1  | Reached skill level 1 in Bows
    66 | Abyss:1  | Reached skill level 1 in Crossbows
    66 | Abyss:1  | Reached skill level 1 in Throwing
    66 | Abyss:1  | Reached skill level 1 in Stealth
    66 | Abyss:1  | Reached skill level 1 in Shields
    66 | Abyss:1  | Reached skill level 1 in Unarmed Combat
    66 | Abyss:1  | Reached skill level 1 in Spellcasting
    66 | Abyss:1  | Reached skill level 1 in Conjurations
    66 | Abyss:1  | Reached skill level 1 in Hexes
    66 | Abyss:1  | Reached skill level 1 in Summonings
    66 | Abyss:1  | Reached skill level 1 in Necromancy
    66 | Abyss:1  | Reached skill level 1 in Translocations
    66 | Abyss:1  | Reached skill level 1 in Transmutations
    66 | Abyss:1  | Reached skill level 1 in Fire Magic
    66 | Abyss:1  | Reached skill level 1 in Ice Magic
    66 | Abyss:1  | Reached skill level 1 in Air Magic
    66 | Abyss:1  | Reached skill level 1 in Earth Magic
    66 | Abyss:1  | Reached skill level 1 in Poison Magic
    66 | Abyss:1  | Reached skill level 1 in Evocations
    66 | Abyss:1  | Reached XP level 2. HP: 29/29 MP: 5/5
    66 | Abyss:1  | Reached XP level 3. HP: 35/35 MP: 6/6
    66 | Abyss:1  | Reached XP level 4. HP: 41/41 MP: 7/7
    66 | Abyss:1  | Reached XP level 5. HP: 47/47 MP: 8/8
    83 | Abyss:1  | Noticed a thrashing horror
    89 | D:1      | Escaped the Abyss
   175 | D:1      | Reached * piety under Lugonu
   552 | D:1      | Reached ** piety under Lugonu
   639 | D:1      | Reached skill level 5 in Invocations
   980 | D:2      | Reached XP level 6. HP: 41/53 MP: 9/9
  1290 | D:2      | Noticed Jessica
  1340 | D:2      | Killed Jessica
  1341 | D:2      | Reached skill level 5 in Axes
  1341 | D:2      | Reached skill level 5 in Armour
  1881 | D:3      | Noticed Purgy
  1898 | D:2      | Killed Purgy
  2195 | D:3      | Found a blossoming altar of Fedhas.
  2247 | D:3      | Reached XP level 7. HP: 37/59 MP: 10/10
  2265 | D:3      | Reached *** piety under Lugonu
  2270 | D:3      | Reached skill level 7 in Fighting
  2986 | D:3      | Found a sacrificial altar of Ru.
  3074 | D:3      | Found a faded altar of an unknown god.
  3262 | D:4      | Found a sand-covered staircase.
  3277 | Ossuary  | Entered an ossuary
  3967 | D:4      | Found a staircase to the Ecumenical Temple.
  4117 | Temple   | Entered the Ecumenical Temple
  4317 | Temple   | HP: 2/60 [ogre (15)]
  4318 | Temple   | Mangled by an ogre

Illustrated notes

Levels and vault maps discovered:
D:1:      dpeg_arrival_round_b, layout_rooms
D:2:      layout_basic, minmay_split_cup_large, uniq_jessica
D:3:      layout_basic, mainiacjoe_overflow_boulevard,
          lemuel_coloured_pillars_altar, shapermc_ecumenical_altar_venn,
          uniq_purgy
D:4:      layout_cave_pools, minmay_temple_entry_statues_fountains,
          enter_ossuary_1, hangedman_abyss_or_decor_lesser_grid
Temple:   corrupted_temple

Skill      XL: |  1  2  3  4  5  6  7 |
---------------+----------------------+-----
Short Blades   | 1 2 |  2.7
Long Blades    | 1 2 |  2.7
Maces & Flails | 1 2 |  2.7
Polearms       | 1 2 |  2.7
Staves         | 1 2 |  2.7
Slings         | 1 2 |  2.7
Bows           | 1 2 |  2.7
Crossbows      | 1 2 |  2.7
Throwing       | 1 2 |  2.7
Dodging        | 3 |  3.8
Stealth        | 1 2 |  2.7
Shields        | 1 2 |  2.7
Unarmed Combat | 1 2 |  2.7
Spellcasting   | 1 2 |  2.7
Conjurations   | 1 2 |  2.2
Hexes          | 1 2 |  2.2
Summonings     | 1 2 |  2.2
Necromancy     | 1 2 |  2.2
Translocations | 1 2 |  2.2
Transmutations | 1 2 |  2.2
Fire Magic     | 1 2 |  2.2
Ice Magic      | 1 2 |  2.2
Air Magic      | 1 2 |  2.2
Earth Magic    | 1 2 |  2.2
Poison Magic   | 1 2 |  2.2
Evocations     | 1 2 |  2.7
Invocations    | 5 |  5.5
Axes           | 5 |  5.3
Armour         | 5 |  5.3
Fighting       | 7 |  7.1

Action                   |  1- 3 |  4- 6 |  7- 9 || total
-------------------------+-------+-------+-------++-------
Melee: Hand axe          |       |   219 |   159 ||   378
       Bite              |       |    14 |    22 ||    36
       Punch             |       |       |     2 ||     2
Invok: Depart the Abyss  |       |     1 |       ||     1
       Bend Space        |       |       |     1 ||     1
  Use: Scroll            |     1 |     3 |       ||     4
       Potion            |       |     1 |     2 ||     3
Armor: Leather armour    |       |    40 |       ||    40
       Chain mail        |       |   118 |   156 ||   274
Dodge: Dodged            |       |   145 |    78 ||   223

Table legend: (Time is in decaauts)
 A = Elapsed time spent in this place.
 B = Non-inter-level travel time spent in this place.
 C = Inter-level travel time spent in this place.
 D = Time resting spent in this place.
 E = Time spent auto-exploring this place.
 F = Levels seen in this place.
 G = Mean time per level.
                   A        B        C        D        E       F      G
               +--------+--------+--------+--------+--------+-----+--------+
         Total |   4340 |   4260 |     80 |    468 |   2715 |   7 |  620.0 |
       Dungeon |   3436 |   3356 |     80 |    319 |   2185 |   4 |  859.0 |
        Temple |    200 |    200 |      0 |      0 |    155 |   1 |  200.0 |
         Abyss |     89 |     89 |      0 |      0 |     85 |   1 |   89.0 |
       Ossuary |    614 |    614 |      0 |    149 |    290 |   1 |  614.0 |
               +--------+--------+--------+--------+--------+-----+--------+

Top non-repeatable levels by time:
     D:3: 1097 daAuts
     D:2: 1034 daAuts
     D:1: 962 daAuts
 Ossuary: 614 daAuts
     D:4: 342 daAuts
  Temple: 200 daAuts
 Abyss:1: 89 daAuts
